 Dungeon Crawl Stone Soup version 0.30-a0-1016-gfb0d676c02 (webtiles) character file.

Game seed: 6227477010679665451

3641 Juicyj the Carver (level 9, -6/71 HPs)
             Began as a Minotaur Gladiator on Apr 6, 2023.
             Was an Initiate of Gozag.
             Mangled by a death yak (15 damage)
             ... on level 7 of the Dungeon.
             The game lasted 00:18:13 (7244 turns).

Juicyj the Carver (Minotaur Gladiator)              Turns: 7244, Time: 00:18:15

Health: -6/71      AC: 13    Str: 25    XL:     9   Next: 88%
Magic:  8/8        EV:  7    Int:  5    God:    Gozag
Gold:   967        SH:  5    Dex: 11    Spells: 8/8 levels left

rFire   . . .      SeeInvis .    s - +10 falchion of Lauxei {holy, rElec rN+ Dex-3}
rCold   . . .      Faith    .    (no shield)
rNeg    + . .      Spirit   .    o - +1 plate armour
rPois   .          Reflect  +    c - +0 hat
rElec   +          Rampage  .    B - +1 cloak
rCorr   .                        (no gloves)
Will    .....                    (no boots) Stlth
                                 t - amulet of reflection
HPRegen 0.31/turn                (no ring)
MPRegen 0.11/turn                (no ring)

@: gold aura
A: horns 2, retaliatory headbutt, agile 1, strong 1, wild magic 1
a: Renounce Religion, Potion Petition, Call Merchant, Bribe Branch


You were on level 7 of the Dungeon.
You worshipped Gozag.
Gozag was pleased with you.
You visited 2 branches of the dungeon, and saw 9 of its levels.

You collected 1054 gold pieces.
You paid 87 gold pieces to Gozag.

Inventory:

Hand Weapons
 a - a +1 war axe
 s - the +10 falchion of Lauxei (weapon) {holy, rElec rN+ Dex-3}
   (You found it on level 3 of the Dungeon)

   Dex:       It affects your dexterity (-3).
   rElec:     It insulates you from electricity.
   rN:        It protects you from negative energy.
 D - the +9 scimitar "Wyhaphom" {heavy, Drain Will+ MP+9 Str+5}
   (You took it off an orc on level 5 of the Dungeon)

   Str:       It affects your strength (+5).
   MP:        It affects your magic capacity (+9).
   Drain:     It drains your maximum health when unequipped.
   Will:      It increases your willpower.
Missiles
 e - 8 javelins
 f - 11 poisoned darts (quivered)
 i - 4 curare-tipped darts
 q - a throwing net
 x - 2 boomerangs
Armour
 b - a +0 leather armour
 c - a +0 hat (worn)
 o - a +1 plate armour (worn)
 B - a +1 cloak (worn)
Jewellery
 l - a ring of protection from cold
 t - an amulet of reflection (around neck)
Wands
 h - a wand of flame (26)
 u - a wand of mindburst (12)
 y - a wand of quicksilver (4)
Scrolls
 j - 3 scrolls of fear
 n - a scroll of silence
 p - a scroll of enchant armour
 r - a scroll of blinking
 v - a scroll of fog
Potions
 d - a potion of curing
 g - a potion of cancellation
 k - a potion of ambrosia
 m - a potion of might
 w - a potion of resistance
 A - a potion of heal wounds


   Skills:
 - Level 3.7 Fighting
 + Level 13.5 Long Blades
 - Level 9.2 Axes
 - Level 3.1 Throwing
 - Level 4.3 Dodging


You had 8 spell levels left.
You didn't know any spells.
Your spell library contained the following spells:

 Spells                   Type           Power      Damage    Failure   Level
 Sublimation of Blood     Necr           0%         N/A       100%        2
 Wereblood                Tmut           0%         N/A       100%        2
 Summon Hydra             Summ           0%         N/A       100%        7


Dungeon Overview and Level Annotations

Branches:
Dungeon (8/15)             Temple (1/1) D:4
   Lair: D:8-11

Altars:
Cheibriados
Dithmenos
Elyvilon
Fedhas
Gozag
Hepliaklqana
Kikubaaqudgha
Makhleb
Nemelex Xobeh
Okawaru
Qazlal
Ru
Sif Muna
Trog
Uskayaw
Vehumet
Wu Jian
Xom
Yredelemnul
Zin
The Shining One

Shops:
D:3 *   D:4 *(=*   D:5 (   D:6 =:=*!


Innate Abilities, Weirdness & Mutations

You have a pair of horns on your head.
You reflexively headbutt those who attack you in melee.
You are agile. (Dex +4, Str/Int -1)
Your muscles are strong. (Str +4, Int/Dex -1)
Your spells are a little harder to cast, but a little more powerful.


Message History

7 gold pieces; a poisoned dart The death yak is distracted by your dazzling golden aura.
The death yak gores you!!
The death yak bellows!
There is a stone staircase leading up, spattered with blood here.
The death yak is no longer distracted by gold.
The death yak gores you!
* * * LOW HITPOINT WARNING * * *
The death yak is distracted by your dazzling golden aura.
The river rat is distracted by your dazzling golden aura.
You climb upwards.
There is a stone staircase leading down here.
Aiming: Quicksilver Bolt
Press: ? - help, Q - select action, (/) - cycle Shift-Dir - straight line, f - death yak
Aim: a death yak (lightly wounded, poisoned, 90% to hit)
The bolt of dispelling energy hits the death yak!
The death yak is moderately wounded.
The death yak completely misses you.
Aiming: Mindburst
Press: ? - help, Q - select action, (/) - cycle Shift-Dir - straight line, f/p - death yak
Aim: a death yak (moderately wounded, poisoned, chance to affect: 6%)
Okay, then.
Aiming: Throw Flame
Press: ? - help, Q - select action, (/) - cycle Shift-Dir - straight line, f/p - death yak
Aim: a death yak (moderately wounded, poisoned, 89% to hit)
Okay, then.
Aiming: Quicksilver Bolt
Press: ? - help, Q - select action, (/) - cycle Shift-Dir - straight line, f/p - death yak
Aim: a death yak (moderately wounded, poisoned, 90% to hit)
The bolt of dispelling energy hits the death yak!
The death yak is heavily wounded.
The death yak looks more healthy.
The death yak gores you!
* * * LOW HITPOINT WARNING * * *
Aiming: Quicksilver Bolt
Press: ? - help, Q - select action, (/) - cycle Shift-Dir - straight line, f/p - death yak
Aim: a death yak (moderately wounded, 90% to hit)
The bolt of dispelling energy misses the death yak.
The death yak gores you!
You die...
Your body crumbles into a pile of gold.

##############
##########............#
#....)).##.##########.#
#.#####.##.##### #.#
#.#####........# #.#
#.##.......###.# #.########
###.##.#..##.###Y######........#
##...#..#.###.##@#.........###.#
##.<......# #....#.#######.# #.#
........#####.#.....######.# #.#
.....###.###.##.........##.# #.#
###..# ##...###......##.##.# #.##
.....###....###......##.##.# #...
####.##.#.......>..#.#..##.###..#
#.#.##...####...._...........#
#..#####.## #...#.#.....###.##


You could see a death yak.

Vanquished Creatures
  Grinder (D:3)
  5 yaks (D:7)
  A steam dragon (D:7)
  Edmund (D:4)
  3 orc warriors
  A black bear (D:7)
  An ice beast (D:6)
  3 sky beasts
  2 ogres
  A centaur (D:8)
  A phantom (D:4)
  A kobold brigand (D:6)
  3 bullfrogs
  A scorpion (D:5)
  2 howler monkeys
  6 hounds
  An orc priest (D:3)
  2 jellies
  2 gnoll boudas (D:5)
  3 iguanas
  Terence (D:3)
  A sleepcap (D:5)
  Natasha (D:4)
  8 orc wizards
  7 gnolls
  A river rat (D:8)
  9 adders
  2 shadow imps (D:6)
  3 white imps
  2 ufetubi
  A worm (D:2)
  22 orcs
  11 ball pythons
  5 bats
  8 endoplasms
  6 giant cockroaches
  6 goblins
  10 hobgoblins
  10 jackals
  10 kobolds
  4 quokkas
  4 frilled lizards
  5 rats
178 creatures vanquished.

Notes
Turn   | Place    | Note
-------+----------+-------------------------------------------
     0 | D:1      | Juicyj the Minotaur Gladiator began the quest for the Orb.
     0 | D:1      | Reached XP level 1. HP: 18/18 MP: 0/0
     9 | D:1      | Found a faded altar of an unknown god.
   134 | D:1      | Reached XP level 2. HP: 24/25 MP: 1/1
   256 | D:1      | Reached XP level 3. HP: 22/30 MP: 2/2
   873 | D:2      | Reached XP level 4. HP: 38/38 MP: 3/3
  1346 | D:3      | Found Muireufi's Assorted Antiques.
  1515 | D:3      | Reached XP level 5. HP: 46/46 MP: 4/4
  1616 | D:3      | Found a hazy altar of Hepliaklqana.
  1619 | D:3      | Found a faded altar of an unknown god.
  1664 | D:3      | Noticed Grinder
  1891 | D:4      | Found Tedaj's Antique Weapon Boutique.
  1950 | D:4      | Gained mutation: Your spells are a little harder to cast,
                  | but a little more powerful. [potion of mutation]
  1950 | D:4      | Gained mutation: Your muscles are strong. (Str +4, Int/Dex
                  | -1) [potion of mutation]
  1950 | D:4      | Gained mutation: You are agile. (Dex +4, Str/Int -1)
                  | [potion of mutation]
  1952 | D:4      | Lost intelligence.
  1956 | D:4      | Reached skill level 5 in Axes
  2058 | D:4      | Found a staircase to the Ecumenical Temple.
  2099 | D:4      | Found Fugim's Jewellery Shop.
  2123 | D:4      | Noticed a phantom
  2133 | D:4      | Killed a phantom
  2134 | D:4      | Reached XP level 6. HP: 41/52 MP: 5/5
  2238 | D:4      | Found Ypeseal's General Store.
  2344 | D:4      | Found Qoicov's General Store.
  2361 | D:4      | Noticed Edmund
  2367 | D:4      | Killed Edmund
  2413 | D:4      | Noticed Natasha
  2416 | D:4      | Killed Natasha
  2648 | D:3      | Identified the +10 falchion of Lauxei {holy, rElec rN+
                  | Dex-3}
  2666 | D:3      | Paralysed by Grinder for 3 turns
  2675 | D:3      | Killed Grinder
  2676 | D:3      | Reached XP level 7. HP: 45/58 MP: 6/6
  2800 | D:3      | Noticed Terence
  2808 | D:3      | Killed Terence
  3207 | Temple   | Entered the Ecumenical Temple
  3568 | Temple   | Became a worshipper of Gozag Ym Sagoz the Greedy
  3606 | D:5      | Entered Level 5 of the Dungeon
  3617 | D:5      | Reached skill level 1 in Long Blades
  3706 | D:5      | Reached skill level 2 in Long Blades
  3723 | D:5      | Reached skill level 3 in Long Blades
  3845 | D:5      | Reached skill level 4 in Long Blades
  3845 | D:5      | Reached XP level 8. HP: 29/66 MP: 7/7
  4087 | D:5      | Reached skill level 5 in Long Blades
  4247 | D:5      | Found Gioq's Weapon Boutique.
  4261 | D:5      | Reached skill level 6 in Long Blades
  4483 | D:5      | Identified the +9 scimitar "Wyhaphom" {heavy, Drain Will+
                  | MP+9 Str+5}
  4494 | D:5      | Reached skill level 7 in Long Blades
  4903 | D:6      | Found Asit's Book Emporium.
  4933 | D:6      | Found Elerph's Jewellery Shoppe.
  4946 | D:6      | Reached skill level 8 in Long Blades
  4999 | D:6      | Found a glowing silver altar of Zin.
  5001 | D:6      | Found a radiant altar of Vehumet.
  5012 | D:6      | Found a bloodstained altar of Trog.
  5012 | D:6      | Found a shimmering altar of Xom.
  5169 | D:6      | Found Suhu's Distillery.
  5203 | D:6      | Reached skill level 9 in Long Blades
  5567 | D:6      | Found an ornate altar of the Wu Jian Council.
  5675 | D:6      | Reached skill level 10 in Long Blades
  5675 | D:6      | Reached XP level 9. HP: 45/71 MP: 8/8
  5786 | D:6      | Found a snail-covered altar of Cheibriados.
  5834 | D:6      | Found Xyataih's General Store.
  5849 | D:6      | Found Xugiateh's Jewellery Emporium.
  6228 | D:7      | Found a sacrificial altar of Ru.
  6297 | D:7      | Reached skill level 11 in Long Blades
  6432 | D:7      | Reached skill level 12 in Long Blades
  6436 | D:7      | HP: 1/71 [yak (12)]
  6451 | D:7      | Reached skill level 13 in Long Blades
  7216 | D:8      | Noticed a death yak
  7227 | D:8      | Noticed a death yak
  7231 | D:8      | Noticed a death yak
  7244 | D:7      | Mangled by a death yak

Illustrated notes

Levels and vault maps discovered:
D:1:      reono_arrival_forest_river, layout_basic, basic_ecumenical_altar
D:2:      layout_basic, minmay_diced_spiral
D:3:      layout_rooms, beargit_hepliaklqana_dungeon_heroes, serial_shops,
          nicolae_shop_overgrown_old_shop, minmay_close_crescents, uniq_terence,
          uniq_grinder
D:4:      layout_cave_pods, minmay_temple_entry_gardened_gates, serial_shops,
          nicolae_shop_statue_plus, kennysheep_mini_moat,
          nicolae_shop_behind_doors, nicolae_stop_n_shop_2, uniq_edmund,
          uniq_natasha
D:5:      layout_basic, serial_shops, shop
D:6:      layout_basic, mainiacjoe_overflow_concentric_impassable,
          mainiacjoe_overflow_alcove_2, mainiacjoe_overflow_alcove_3,
          serial_shops, shop_fountains, shop, nicolae_square_shop,
          nicolae_shop_behind_doors, shop
D:7:      layout_loops_ring, lemuel_crystal_altar, kennysheep_flooded_box,
          palyth_stone_intersect
D:8:      layout_basic, cheibrodos_ashenzari_chains, dpeg_lair_monsters,
          serial_shops, shop, nicolae_shop_waterfront, enter_bailey_2,
          nicolae_shop_self_help
Temple:   oiseaux_autumnal_temple

Skill      XL: |  1  2  3  4  5  6  7  8  9 |
---------------+----------------------------+-----
Axes           | 4 6 9 |  9.2
Fighting       | 3 |  3.7
Dodging        | 4 |  4.3
Throwing       | 3 |  3.1
Long Blades    | 4 10 13 | 13.5

Action                     |  1- 3 |  4- 6 |  7- 9 || total
---------------------------+-------+-------+-------++-------
  Melee: War axe           |    78 |   122 |     4 ||   204
         Headbutt          |     7 |    22 |    40 ||    69
         Falchion          |       |       |   233 ||   233
         Punch             |       |       |     4 ||     4
  Throw: Throwing net      |       |     3 |       ||     3
         Javelin           |       |     4 |       ||     4
         Dart              |       |       |    44 ||    44
  Evoke: Wand              |       |       |     6 ||     6
    Use: Potion            |       |     8 |     5 ||    13
         Scroll            |       |     7 |     5 ||    12
   Stab: Held in net/web   |       |     1 |       ||     1
 Armour: Leather armour    |    22 |       |       ||    22
         Plate armour      |    31 |    81 |   100 ||   212
         Skin              |       |     1 |       ||     1
  Dodge: Dodged            |    35 |    31 |    59 ||   125
  Block: Other             |       |    33 |    54 ||    87
         Reflection        |       |       |     4 ||     4

Table legend: (Time is in decaauts)
 A = Elapsed time spent in this place.
 B = Non-inter-level travel time spent in this place.
 C = Inter-level travel time spent in this place.
 D = Time resting spent in this place.
 E = Time spent auto-exploring this place.
 F = Levels seen in this place.
 G = Mean time per level.
                   A        B        C        D        E       F      G
               +--------+--------+--------+--------+--------+-----+--------+
         Total |   7381 |   7005 |    376 |    270 |   5274 |   9 |  820.1 |
       Dungeon |   6978 |   6629 |    349 |    270 |   4996 |   8 |  872.2 |
        Temple |    402 |    375 |     27 |      0 |    278 |   1 |  402.0 |
               +--------+--------+--------+--------+--------+-----+--------+

Top non-repeatable levels by time:
     D:6: 1272 daAuts
     D:5: 1266 daAuts
     D:4: 1231 daAuts
     D:7: 1024 daAuts
     D:2: 821 daAuts
     D:3: 743 daAuts
     D:1: 595 daAuts
  Temple: 402 daAuts
     D:8: 24 daAuts
